AoeStats
← Blunted by Wizardry

Arabia

509203930Analyzed
1v1 RM · 8d ago on Sep 25, 2026· 37m 10s· 2 players
Game mode
Random Map
Map size
Tiny (2 player)
Population
200
Speed
Normal
Resources
Standard
Victory
Conquest
Starting age
Dark Age
Ending age
Imperial Age
RankedLock teamsTeams togetherTeam positionsShared explorationLock speedFull tech treeHidden civsTurbo modeCheats
Victory
Defeat
🇯🇵 Hindustanis · Japan
1089
+17
🇺🇸 Berbers · United States
1102
-17
NukuiOhSushi
6:11 Loom
8:56 Feudal Age
9:37 Double-Bit Axe
16:15 Fletching
22:19 Castle Age
20:54 Padded Archer Armor
22:24 Elite Skirmisher
24:04 Bodkin Arrow
26:59 Bow Saw
27:38 Wheelbarrow
28:53 Bloodlines
29:48 Leather Archer Armor
33:21 Ballistics
33:19 Scale Barding Armor
36:07 Hand Cart
Blunted by Wizardry
6:46 Loom
9:17 Feudal Age
9:51 Man-at-Arms
11:25 Double-Bit Axe
16:18 Fletching
17:01 Padded Archer Armor
21:06 Wheelbarrow
23:23 Castle Age
23:51 Crossbowman
24:33 Bodkin Arrow
25:25 Thumb Ring
29:46 Leather Archer Armor
30:06 Scale Barding Armor
30:46 Bloodlines
30:36 Husbandry
32:04 Bow Saw
31:35 Horse Collar
37:54 Chain Barding Armor
Connection lost

Rejoining the realm…

Still unreachable

The connection could not be restored.

Session expired

The server has moved on; the page needs a fresh start.